 Dungeon Crawl Stone Soup version 0.28-b1-25-g9875b3fc8c (webtiles) character file.

Game seed: 8521241843882047087

213 HammerPanzer the Cudgeller (level 5, -1/67 HPs)
             Began as a Minotaur Berserker on Feb 4, 2022.
             Was a Priest of Trog.
             Slain by a kobold brigand (4 damage)
             ... on level 3 of the Dungeon.
             The game lasted 00:07:39 (2154 turns).

HammerPanzer the Cudgeller (Minotaur Berserker)     Turns: 2154, Time: 00:07:41

Health: -1/67      AC: 10    Str: 21    XL:     5   Next: 59%
Magic:  4/4        EV: 10    Int:  6    God:    Trog [***...]
Gold:   198        SH:  0    Dex: 10    Spells: 4/4 levels left

rFire   . . .      SeeInvis .   a - +0 mace
rCold   . . .      Faith    .   (no shield)
rNeg    . . .      Spirit   .   l - +0 scale mail
rPois   .          Reflect  .   (helmet restricted)
rElec   .          Harm     .   (no cloak)
rCorr   .          Rampage  .   k - +2 pair of gloves
Will    .....                   f - +0 pair of boots
Stlth   ..........              (no amulet)
HPRegen 0.21/turn               (no ring)
MPRegen 0.09/turn               (no ring)

@: berserking, lethally poisoned (-1 -> -11), slowed
A: horns 2, retaliatory headbutt
a: Renounce Religion, Berserk, Trog's Hand


You were on level 3 of the Dungeon.
You worshipped Trog.
Trog was most pleased with you.
You visited 1 branch of the dungeon, and saw 3 of its levels.

You collected 198 gold pieces.

Inventory:

Hand Weapons
 a - a +0 mace (weapon)
Armour
 f - a +0 pair of boots (worn)
 k - a +2 pair of gloves (worn)
 l - a +0 scale mail (worn)
 m - a +0 ring mail of positive energy
Scrolls
 b - 2 scrolls of noise {unknown}
 c - 3 scrolls of identify {unknown}
 d - a scroll of teleportation {unknown}
Potions
 g - a potion of ambrosia {unknown}
 h - 4 potions of curing {unknown}
 i - a potion of mutation {unknown}
 j - a potion of attraction {unknown}


   Skills:
 - Level 3.6 Fighting
 * Level 7.7 Maces & Flails
 - Level 2.4 Armour
 - Level 2.1 Dodging


You had 4 spell levels left.
You didn't know any spells.
Your spell library was empty.

Dungeon Overview and Level Annotations

Branches:
Dungeon (3/15)

Altars:


Innate Abilities, Weirdness & Mutations

You have a pair of horns on your head.
You reflexively headbutt those who attack you in melee.


Message History

You kill the hobgoblin!
Trog accepts your kill.
Things that are here:
a +0 club; 28 stones A kobold brigand comes into view.
It is wielding a +0 club and quivering curare-tipped darts.
The kobold brigand shouts!
The kobold shouts!
You hear a shout!
A kobold comes into view. It is wielding a +0 dagger.
The kobold shouts!
The kobold brigand hits you with a +0 club.
You hit the kobold brigand but do no damage.
The kobold brigand hits you but does no damage.
You hit the kobold brigand. You headbutt the kobold brigand!
The kobold brigand is heavily wounded.
The kobold brigand hits you but does no damage.
The kobold brigand throws a curare-tipped dart.
The curare-tipped dart hits you.
You are poisoned.
You have difficulty breathing.
You feel yourself slow down.
You feel extremely sick.
The kobold brigand throws a curare-tipped dart.
The curare-tipped dart hits you.
You are lethally poisoned!
You have difficulty breathing.
You feel as though you will be slow longer.
* * * LOW HITPOINT WARNING * * *
You feel extremely sick.
You closely miss the kobold brigand. You headbutt the kobold brigand!
The kobold brigand is almost dead.
* * * LOW HITPOINT WARNING * * *
You feel very sick. The kobold barely misses you.
The kobold brigand hits you but does no damage.
A red film seems to cover your vision as you go berserk!
You feel yourself moving faster!
You feel mighty!
* * * LOW HITPOINT WARNING * * *
You feel very sick.
A kobold brigand comes into view.
It is wielding a +1 dagger of draining and quivering poisoned darts.
The kobold brigand hits you with a +0 club.
You die...

#.# #....)........... #.#
#................
#.####.......÷........
#.))..................
######..#######..........).
#.........# ##...≈≈≈≈≈...
#.....######## #<.≈≈≈≈≈≈≈≈.
#....###..K..###≈≈≈≈≈≈≈≈###
#.........@KK..######≈###
#.......#####....K..###
#....####≈≈≈###........ ##
######≈≈≈≈≈≈≈≈###### .###.
##≈≈≈≈≈≈≈≈≈.#.#####...
###≈≈≈...............
########.#.........
#.####...##. #.# #.......


You could see 2 kobold brigands and 2 kobolds.

Vanquished Creatures
  A scorpion (D:3)
  Terence (D:1)
  4 adders (D:2)
  2 worms
  3 dart slugs
  4 orcs (D:3)
  7 ball pythons
  6 endoplasms
  4 giant cockroaches
  5 goblins
  5 hobgoblins
  3 jackals (D:1)
  12 kobolds
  5 quokkas
  6 bats
  4 frilled lizards
  4 rats
76 creatures vanquished.

Notes
Turn   | Place    | Note
-------+----------+-------------------------------------------
     0 | D:1      | HammerPanzer the Minotaur Berserker began the quest for the
                  | Orb.
     0 | D:1      | Reached XP level 1. HP: 19/19 MP: 0/0
    73 | D:1      | Reached skill level 4 in Maces & Flails
   112 | D:1      | Reached XP level 2. HP: 21/26 MP: 1/1
   465 | D:1      | Reached skill level 5 in Maces & Flails
   585 | D:1      | Reached XP level 3. HP: 31/31 MP: 2/2
   634 | D:1      | Reached ** piety under Trog
   886 | D:2      | Noticed Terence
   897 | D:1      | Killed Terence
  1105 | D:2      | Reached skill level 6 in Maces & Flails
  1105 | D:2      | Reached XP level 4. HP: 39/39 MP: 3/3
  1516 | D:2      | Found a faded altar of an unknown god.
  1762 | D:3      | Noticed a scorpion
  1767 | D:3      | Killed a scorpion
  1768 | D:3      | Reached skill level 7 in Maces & Flails
  1768 | D:3      | Reached XP level 5. HP: 45/45 MP: 4/4
  1937 | D:3      | Identified the +6 spear "Lifebane" {pain, rN+}
  2101 | D:3      | Reached *** piety under Trog
  2154 | D:3      | HP: 3/67 [poisoned by a kobold brigand (curare-tipped
                  | dart)]
  2154 | D:3      | Slain by a kobold brigand

Illustrated notes

Levels and vault maps discovered:
D:1:      tarquinn_simple_flora_water_a, layout_rooms, minmay_misc_feat_hallway,
          dk_noncrumbling_3, minmay_misc_feat_pillars
D:2:      layout_basic, chequers_ecumenical_altar_twisty, minmay_misc_feat_x,
          uniq_terence
D:3:      cheibrodos_thug_alley, layout_rooms

Skill      XL: |  1  2  3  4 |
---------------+-------------+-----
Maces & Flails | 4 5 6 7 |  7.7
Fighting       | |  3.6
Armour         | |  2.4
Dodging        | |  2.1

Action                   |  1- 3 |  4- 6 || total
-------------------------+-------+-------++-------
Melee: Mace              |    62 |    87 ||   149
       Headbutt          |     9 |    10 ||    19
Invok: Berserk           |     2 |     2 ||     4
Armor: Animal skin       |    11 |     5 ||    16
       Scale mail        |       |    28 ||    28
Dodge: Dodged            |    53 |    49 ||   102
